 Dungeon Crawl Stone Soup version 0.18-a0-1572-g0a86841 (webtiles) character file.

43 Hilldric the Shooter (level 3, -3/23 HPs)
             Began as a High Elf Arcane Marksman on Mar 15, 2016.
             Slain by a gnoll
             ... wielding a +0 club
              (6 damage)
             ... on level 1 of the Dungeon.
             The game lasted 00:06:23 (1217 turns).

Hilldric the Shooter (High Elf Arcane Marksman)     Turns: 1217, Time: 00:06:23

Health: -3/23      AC:  4    Str: 10    XL:     3   Next: 37%
Magic:  5/5        EV: 12    Int: 16    God:
Gold:   101        SH:  0    Dex: 16    Spells: 1 memorised, 3 levels left

rFire  . . .     SeeInvis .     a - +0 shortbow
rCold  . . .     Gourm    .     l - +0 leather armour
rNeg   . . .     Faith    .     (shield currently unavailable)
rPois  .         Spirit   .     (no helmet)
rElec  .         Dismiss  .     (no cloak)
rCorr  .         Reflect  .     j - +0 pair of gloves
SustAt .         Harm     .     (no boots)
MR     .....                    (no amulet)
Stlth  +.........               (no ring)
                                (no ring)

@: not resistant to hostile enchantments, very unstealthy
A: no striking features
a: no special abilities


You were on level 1 of the Dungeon.
You were hungry.

You visited 1 branch of the dungeon, and saw 2 of its levels.

You collected 101 gold pieces.

Inventory:

Hand Weapons
 a - a +0 shortbow (weapon)
Missiles
 d - an arrow (quivered)
Armour
 j - a +0 pair of gloves (worn)
 l - a +0 leather armour (worn)
Scrolls
 e - a scroll of identify {unknown}
 g - a scroll of amnesia {unknown}
 i - 2 scrolls of remove curse {unknown}
Books
 c - a book of Debilitation

   Spells                             Type                      Level
   a - Corona                         Hexes                        1
   b - Slow                           Hexes                        2
   c - Gell's Gravitas                Hexes/Translocation          3
   d - Inner Flame                    Hexes/Fire                   3
   e - Cause Fear                     Hexes                        4
   f - Leda's Liquefaction            Hexes/Earth                  4
Comestibles
 f - a bread ration
 h - a beef jerky
 k - a meat ration


   Skills:
 - Level 1.0 Fighting
 + Level 5.1 Bows
 - Level 2.1 Dodging
 - Level 1.2 Spellcasting
 - Level 3.0 Hexes


You had 3 spell levels left.
You knew the following spells:

 Your Spells              Type           Power        Failure   Level  Hunger
a - Corona                Hex            ##.....      12%         1    ##.....


Dungeon Overview and Level Annotations

Branches:
Dungeon (2/15)

Altars:


Message History

Press: ? - help, Shift-Dir - straight line, f/p - gnoll
Aim: a gnoll, wielding a club (severely wounded)
You shoot an arrow. The arrow closely misses the gnoll.
The gnoll hits you but does no damage.
Firing (i - inventory):
d - 3 arrows (quivered)
Press: ? - help, Shift-Dir - straight line, f/p - gnoll
Aim: a gnoll, wielding a club (severely wounded)
You shoot an arrow.
The arrow hits the gnoll but does no damage.
The gnoll is severely wounded.
The gnoll hits you with a club!
* * * LOW HITPOINT WARNING * * *
You see here a stone.
Firing (i - inventory):
d - 2 arrows (quivered)
Press: ? - help, Shift-Dir - straight line, f/p - gnoll
Aim: a gnoll, wielding a club (heavily wounded)
You shoot an arrow. The arrow hits the gnoll.
The gnoll is severely wounded.
The gnoll hits you with a club.
You die...

#.###.###.# ##'##
#.# #.# #.# ##...#
#.###.###.# ##....#
#.........###.....#
#
#####[.)####.....##
## #.......'.....#
#.
####...####.....#
## ##...(.##
##...## # #.###@##
##..# ## #.# #g#
##.# ##. #.###.#
### #.# ##...## ##.
###.##### ### ##
#.......# ##.#
#.#.###.# ##.##
#.#.###.######..#
#.#.............#


You could see a gnoll.

Vanquished Creatures
  2 oozes (D:1)
  2 ball pythons (D:1)
  5 giant cockroaches (D:1)
  2 goblins (D:1)
  4 hobgoblins (D:1)
  3 jackals (D:1)
  3 kobolds (D:1)
  6 bats (D:1)
  2 giant newts (D:1)
  3 rats (D:1)
32 creatures vanquished.

Notes
Turn   | Place    | Note
--------------------------------------------------------------
     0 | D:1      | Hilldric the High Elf Arcane Marksman began the quest for the Orb.
     0 | D:1      | Reached XP level 1. HP: 13/13 MP: 3/3
    99 | D:1      | Reached skill level 3 in Bows
   201 | D:1      | Reached XP level 2. HP: 18/18 MP: 4/4
   273 | D:1      | Reached skill level 4 in Bows
   816 | D:1      | Reached XP level 3. HP: 23/23 MP: 5/5
   866 | D:1      | Reached skill level 5 in Bows
  1217 | D:1      | Slain by a gnoll

Vault maps used:
D:1:      nagdon_arrival_zigzag_paths, st_stairs_5
D:2:      kennysheep_the_goblin_king, first_bread

Skill      XL: |  1  2  3 |
---------------+----------+-----
Bows           | 3 4 5 |  5.1
Fighting       | |  1.0
Dodging        | |  2.1
Spellcasting   | |  1.2
Hexes          | |  3.0

Action                   || total
-------------------------++-------
 Fire: Shortbow          ||    96
 Cast: Corona            ||     1
  Use: Scroll            ||     1
